Match 19725374
Unlisted

Match 19725374
End
Panzergrenadier Squad
250 Light Carrier
Panzergrenadier Squad
Selects Italian Infantry
Construct Light Support Kompanie
Fire Support Elements
Veteran Squad Leaders
Selects Guastatori Squad
Selects L6/40 Light Tank Combat Group
Guastatori Squad
Panzerjäger Mechanized Group
2.5-tonne Medical Truck
Construct Mechanized Kompanie
Selects Sound the Alarm
Sound the Alarm
Marder III Tank Destroyer
Guastatori Squad
Marder III Tank Destroyer
Selects Prepared Positions
Selects Propaganda War
Marder III Tank Destroyer
Propaganda War
Support Armor Elements
豪师傅
疾風刃雷
伞兵一号王泽伟
MonoChrome
0
0

Comments sign in to comment!

No comments posted yet!